 Dungeon Crawl Stone Soup version 0.18-a0-902-g8738618 (webtiles) character file.

9 Jmtri7 the Charlatan (level 2, -2/21 HPs)
             Began as a Formicid Artificer on Dec 25, 2015.
             Splashed by a jelly's acid (10 damage)
             ... on level 11 of the Dungeon.
             The game lasted 00:01:19 (314 turns).

Jmtri7 the Charlatan (Formicid Artificer)            Turns: 314, Time: 00:01:19

Health: -2/21      AC: -1    Str: 15    XL:     2   Next: 25%
Magic:  4/5        EV: 11    Int: 11    God:
Gold:   0          SH:  0    Dex: 11    Spells: 0 memorised, 1 level left

rFire  . . .     SeeInvis +     a - +0 short sword
rCold  . . .     Gourm    .     b - +0 leather armour
rNeg   . . .     Faith    .     (no shield)
rPois  .         Spirit   .     (helmet unavailable)
rElec  .         Dismiss  .     (no cloak)
rCorr  .         Reflect  .     (no gloves)
SustAt .         Harm     .     (no boots)
MR     .....                    (no amulet)
Stlth  +.........               (no ring)
                                (no ring)

@: corroded equipment, not resistant to hostile enchantments, very unstealthy
A: permanent stasis, dig shafts and tunnels, four strong arms, antennae 3
a: Dig, Shaft Self


You were on level 11 of the Dungeon.
You were not hungry.

You visited 1 branch of the dungeon, and saw 6 of its levels.

Inventory:

Hand Weapons
 a - a +0 short sword (weapon)
Armour
 b - a +0 leather armour (worn)
Wands
 c - a wand of flame (15/48)
 d - a wand of enslavement (5/24)
 e - a wand of random effects (15/48)
Comestibles
 f - a bread ration


   Skills:
 - Level 1.1 Fighting
 - Level 1.0 Short Blades
 - Level 1.7 Dodging
 - Level 1.2 Stealth
 + Level 4.0 Evocations


You had one spell level left.
You didn't know any spells.

Dungeon Overview and Level Annotations

Branches:
Dungeon (8/15)
 Temple: D:4-7         Lair: D:8-11

Altars:


Innate Abilities, Weirdness & Mutations

You are under a permanent stasis effect.
You can dig through walls and to a lower floor.
Your four strong arms can wield two-handed weapons with a shield.
You have a pair of large antennae on your head (SInv).


Message History

You have reached level 2!
Zapping:
d - a wand of enslavement (7/24)
Press: ? - help, Shift-Dir - straight line, f - jelly
Aim: a jelly (chance to defeat MR: 62%)
The jelly resists with significant effort.
This wand has 6 charges left.
The ooze hits your ooze but does no damage.
Your ooze hits the ooze.
Zapping:
d - a wand of enslavement (6/24)
Press: ? - help, Shift-Dir - straight line, f/p - jelly
Aim: a jelly (chance to defeat MR: 62%)
The jelly resists with significant effort.
This wand has 5 charges left.
The jelly hits you but does no damage. The ooze hits your ooze.
Your ooze dies!
Your Evocations skill increases to level 4!
Are you sure you want to shaft yourself?
You feel somewhat more hungry. The jelly hits you.
You are splashed with acid!
The acid corrodes you!
The acid burns!
You die...

... ####..#
##.....#
##.....?#
≈......#
#####≈.....#
#...#......#
{+.#JJ≈.....#
#...J@.....#
#####≈....##
≈....##
###..## ####


You could see 2 jellies and an ooze (unaware).

Vanquished Creatures (collateral kills)
  A quokka (D:8)
1 creature vanquished.

Vanquished Creatures (others)
  A jelly (D:11)
  4 oozes (D:11)
5 creatures vanquished.

Grand Total: 6 creatures vanquished

Notes
Turn   | Place    | Note
--------------------------------------------------------------
     0 | D:1      | Jmtri7 the Formicid Artificer began the quest for the Orb.
     0 | D:1      | Reached XP level 1. HP: 15/15 MP: 3/3
     3 | D:1      | You fall through a shaft!
     6 | D:2      | You fall through a shaft for 2 floors!
     9 | D:4      | You fall through a shaft for 2 floors!
    12 | D:6      | You fall through a shaft for 2 floors!
    57 | D:8      | You fall through a shaft for 3 floors!
   303 | D:11     | Noticed a jelly
   303 | D:11     | Noticed a jelly
   305 | D:11     | Noticed a jelly
   311 | D:11     | Reached XP level 2. HP: 9/21 MP: 4/4
   313 | D:11     | Reached skill level 4 in Evocations
   314 | D:11     | Splashed by a jelly's acid

Vault maps used:
D:1:      dpeg_arrival_tiny_i
D:2:      minitemple
D:4:      first_bread, uniq_edmund
D:8:      david_lair_generic, serial_shops, shop, shop, nicolae_shop_stone,
          nicolae_shop_statue_plus, shop
D:11:     serial_shops, shop, hangedman_little_slice_of_home, amethyst_killhole

Action                   || total
-------------------------++-------
Melee: Short sword       ||     6
 Abil: Shaft Self        ||     6
       Dig               ||     1
Evoke: Wand              ||    10
